Map: Pillars of Gold LE

Players

Nina - Winner!

  • Race: Protoss Protoss
  • League: Grandmaster
  • Spawn Location: 7:00

Future

  • Race: Terran Terran
  • Spawn Location: 1:00

Event: DreamHack SC2 Masters 2020 Fall

VOD

Have the link to the VOD?

Description

Time

  • Played on: Sept. 5, 2020, 5:59 p.m.
  • Length: 5:17

All games in this series

Show
View Real Time Build Order
Export as new Build Order

Nina Protoss - Winner!

Build Orders: Proxy Void Ray 

Get SALT Encoding   

  12  0:00  Probe  
  13  0:12  Probe  
  14  0:18  Pylon  
  14  0:24  Probe  
  15  0:36  Probe (Chrono Boost)  
  15  0:38  Gateway  
  16  0:46  Probe (Chrono Boost), Assimilator  
  17  0:51  Probe (Chrono Boost)  
  17  0:56  Assimilator  
  18  1:03  Probe  
  19  1:15  Probe  
  20  1:25  Cybernetics Core  
  20  1:28  Zealot  
  20  1:29  Probe  
  23  1:35  Pylon  
  23  1:53  Probe  
  24  1:58  Adept (Chrono Boost)  
  24  2:03  Stargate  
  24  2:05  Probe, Warp Gate  
  27  2:11  Pylon  
  27  2:19  Shield Battery  
  27  2:24  Adept  
  29  2:34  Shield Battery  
  29  2:39  Void Ray (Chrono Boost)  
  33  2:54  Shield Battery  
  33  3:06  Shield Battery  
  33  3:08  Void Ray  
  33  3:25  Gateway  
  33  3:37  Pylon  
  33  3:46  Void Ray (Chrono Boost)  
  35  4:00  Probe  
  35  4:01  Adept  
  38  4:19  Gateway  
  38  4:21  Stalker x2  
  42  4:28  Phoenix  
Show
View Real Time Build Order
Export as new Build Order

Future Terran 

Build Orders: Liberator Opening 

Get SALT Encoding   

  12  0:00  SCV  
  13  0:12  SCV  
  14  0:17  Supply Depot  
  14  0:24  SCV  
  15  0:39  SCV  
  15  0:40  Barracks  
  16  0:45  Refinery  
  16  0:51  SCV  
  17  1:03  SCV  
  18  1:15  SCV  
  19  1:27  Orbital Command, Marine  
  20  1:43  Command Center  
  20  1:53  SCV  
  21  1:59  Factory  
  21  2:05  SCV, Barracks Reactor  
  22  2:09  Supply Depot  
  22  2:17  SCV  
  22  2:20  Refinery  
  23  2:31  SCV  
  24  2:43  Starport  
  24  2:44  Marine x2  
  25  2:45  Hellion  
  25  2:50  Supply Depot  
  28  2:51  SCV  
  29  3:03  SCV  
  29  3:04  Marine  
  31  3:07  Marine  
  30  3:15  SCV  
  31  3:21  Marine  
  31  3:25  Marine  
  33  3:28  Bunker  
  33  3:30  Liberator  
  33  3:32  Widow Mine  
  39  3:37  Supply Depot  
  38  3:42  Marine  
  38  3:43  Marine  
  36  3:54  Engineering Bay  
  36  3:55  Factory Tech Lab  
  36  4:00  Marine  
  38  4:04  Supply Depot  
  38  4:10  Supply Depot, Marine  
  37  4:25  Missile Turret  
  37  4:29  Missile Turret  
  34  4:34  Cyclone  
  37  4:49  Missile Turret  
  35  4:53  Missile Turret  

Tags
 
Add a new tag
Caveats
  • Supply blocks, unpowered buildings, or Contaminate may cause inaccurate times.
  • Supply counts are checked every 10 seconds.